 Dungeon Crawl Stone Soup version 0.28.0-53-g5a82cb258f (webtiles) character file.

Game seed: 5625116478025623491

1967 Sin92 the Covered (level 9, -1/79 HPs)
             Began as a Minotaur Fighter on June 2, 2022.
             Was a Follower of Okawaru.
             Slain by a boulder beetle (4 damage)
             ... on level 8 of the Dungeon.
             The game lasted 00:07:51 (7996 turns).

Sin92 the Covered (Minotaur Fighter)                Turns: 7996, Time: 00:07:52

Health: -1/79      AC: 14    Str: 21    XL:     9   Next: 0%
Magic:  0/8        EV:  8    Int:  5    God:    Okawaru [*.....]
Gold:   356        SH:  6    Dex: 14    Spells: 8/8 levels left

rFire   . . .      SeeInvis .   a - +2 long sword
rCold   . . .      Faith    .   c - +0 buckler
rNeg    . . .      Spirit   +   q - +0 plate armour
rPois   .          Reflect  .   l - +0 hat
rElec   .          Harm     .   d - +0 cloak
rCorr   .          Rampage  .   (no gloves)
Will    .....                   (no boots)
Stlth   ..........              m - amulet of guardian spirit
HPRegen 0.23/turn               (no ring)
MPRegen 0.11/turn               (no ring)

@: attractive
A: horns 2, retaliatory headbutt
a: Renounce Religion, Heroism


You were on level 8 of the Dungeon.
You worshipped Okawaru.
Okawaru was aware of your devotion.
You visited 2 branches of the dungeon, and saw 9 of its levels.

You collected 356 gold pieces.

Inventory:

Hand Weapons
 a - a +2 long sword (weapon)
 j - a +1 spear of flaming
Missiles
 f - a throwing net (quivered)
Armour
 b - a +0 scale mail
 c - a +0 buckler (worn)
 d - a +0 cloak (worn)
 l - a +0 hat (worn)
 q - a +0 plate armour (worn)
Jewellery
 m - an amulet of guardian spirit (around neck)
 r - a ring of magical power
Wands
 g - a wand of acid (6)
 u - a wand of flame (28)
Scrolls
 i - 2 scrolls of teleportation
 o - a scroll of amnesia
Potions
 e - 2 potions of magic
 h - 2 potions of curing
 k - a potion of haste
 w - a potion of ambrosia {unknown}


   Skills:
 + Level 7.2 Fighting
 + Level 6.7 Long Blades
 + Level 7.2 Armour
 - Level 5.4 Dodging
 + Level 7.2 Shields
 + Level 0.1 Invocations


You had 8 spell levels left.
You didn't know any spells.
Your spell library contained the following spells:

 Spells                   Type           Power      Damage    Failure   Level
 Magic Dart               Conj           0%         1d3       100%        1
 Ensorcelled Hibernation  Hex/Ice        0%         N/A       100%        2
 Searing Ray              Conj           0%         2d4       100%        2
 Static Discharge         Conj/Air       0%         N/A       100%        2
 Spider Form              Tmut/Pois      0%         N/A       100%        3
 Anguish                  Hex/Necr       0%         N/A       100%        4
 Dispel Undead            Necr           0%         3d6       100%        4
 Fulminant Prism          Conj/Hex       0%         3d6       100%        4
 Sticky Flame             Conj/Fire      0%         2d3       100%        4


Dungeon Overview and Level Annotations

Branches:
Dungeon (8/15)             Temple (1/1) D:4
   Lair: D:8-11

Altars:
Ashenzari
Cheibriados
Dithmenos
Elyvilon
Fedhas
Gozag
Hepliaklqana
Kikubaaqudgha
Makhleb
Nemelex Xobeh
Okawaru
Qazlal
Ru
Sif Muna
Uskayaw
Vehumet
Wu Jian
Xom
Yredelemnul
Zin
The Shining One

Portals:
Abyss: D:6

Annotations:
D:4 1 runed translucent door, 0gre's ghost, amateur GnIE
D:6 2 transporters, Brotato's ghost, novice SpCj


Innate Abilities, Weirdness & Mutations

You have a pair of horns on your head.
You reflexively headbutt those who attack you in melee.


Message History

You are too injured to fight recklessly!
You are too injured to fight recklessly!
You are too injured to fight recklessly!
You are too injured to fight recklessly!
It was a potion of attraction.
You feel attractive to monsters.
The boulder beetle leaps!
The boulder beetle is attracted toward you.
You hit the boulder beetle but do no damage.
The boulder beetle is heavily wounded.
The boulder beetle leaps!
The boulder beetle is attracted toward you.
The boulder beetle is attracted toward you.
There is an open door here.
The boulder beetle leaps!
The boulder beetle is attracted toward you.
There is an open door here.
You hit the boulder beetle.
The boulder beetle is severely wounded.
The boulder beetle bites you!!
You hit the boulder beetle.
You headbutt the boulder beetle, but do no damage.
The boulder beetle is severely wounded.
The boulder beetle bites you!!
* * * LOW HITPOINT WARNING * * *
You hit the boulder beetle but do no damage.
The boulder beetle is severely wounded.
The boulder beetle bites you but does no damage.
The boulder beetle completely misses you.
Unknown command.
You hit the boulder beetle but do no damage.
You headbutt the boulder beetle.
The boulder beetle is heavily wounded.
The boulder beetle bites you.
* * * LOW HITPOINT WARNING * * *
You hit the boulder beetle.
You headbutt the boulder beetle, but do no damage.
The boulder beetle is severely wounded.
The boulder beetle bites you.
You die...

#.......#.#
#....##.#.#
#....##.#..
#....##.###
######)#####.#
..........# #.#
#######.#.# #.#
#.#.# #.# #.#.#
#@# #.#.###B#####
#.#.........##
#...♣.....♣§.##
#...♣♣...♣♣...##
#....♣♣♣.♣♣♣....#
?..♣♣♣.
♣.♣♣.♣♣♣.# .... ♣
♣.♣.♣ .# ....
♣.♣♣ #


You could see a boulder beetle.

Vanquished Creatures
  Grinder (D:3)
  Menkaure (D:5)
  2 water moccasins (D:6)
  A hornet zombie (D:7)
  2 ice beasts
  2 black bears
  An orc warrior (D:6)
  An ogre (D:6)
  A centaur (D:5)
  A water moccasin zombie (D:5)
  3 howler monkeys
  A bullfrog zombie (D:5)
  2 centaur zombies
  Crazy Yiuf (D:2)
  2 orc priests (D:6)
  A hound (D:7)
  Jessica (D:3)
  An iguana (D:7)
  Natasha (thrice) (D:3)
  A hound skeleton (D:4)
  Robin (D:2)
  4 adders
  7 gnolls
  A white imp (D:5)
  2 ufetubi
  An adder skeleton (D:4)
  5 dart slugs
  9 orcs
  2 ball pythons (D:1)
  7 bats
  4 endoplasms
  8 goblins
  8 hobgoblins
  5 jackals
  3 kobolds
  5 quokkas
  2 frilled lizards (D:3)
  2 rats
105 creatures vanquished.

Notes
Turn   | Place    | Note
-------+----------+-------------------------------------------
     0 | D:1      | Sin92 the Minotaur Fighter began the quest for the Orb.
     0 | D:1      | Reached XP level 1. HP: 19/19 MP: 0/0
   188 | D:1      | Reached XP level 2. HP: 27/27 MP: 1/1
   551 | D:1      | Reached skill level 1 in Dodging
   792 | D:1      | Reached XP level 3. HP: 32/33 MP: 2/2
  1179 | D:2      | Noticed Robin
  1190 | D:2      | Killed Robin
  1402 | D:2      | Found a runed translucent door.
  1403 | D:2      | Noticed Crazy Yiuf
  1750 | D:2      | Reached XP level 4. HP: 37/40 MP: 3/3
  1977 | D:2      | Killed Crazy Yiuf
  2213 | D:3      | Noticed Natasha
  2217 | D:3      | Killed Natasha
  2218 | D:3      | Noticed Grinder
  2235 | D:3      | Killed Grinder
  2236 | D:3      | Reached XP level 5. HP: 10/47 MP: 4/4
  2236 | D:3      | Reached XP level 6. HP: 12/55 MP: 5/5
  2355 | D:3      | Reached skill level 5 in Fighting
  2355 | D:3      | Reached skill level 5 in Armour
  2355 | D:3      | Reached skill level 5 in Shields
  2372 | D:3      | Noticed Natasha
  2383 | D:3      | Killed Natasha
  2419 | D:3      | Noticed Natasha
  2428 | D:3      | Killed Natasha
  2754 | D:3      | Noticed Jessica
  2757 | D:3      | Killed Jessica
  3194 | D:4      | Found a runed translucent door.
  3194 | D:4      | Noticed 0gre's ghost (amateur GnIE)
  3355 | D:4      | Found a staircase to the Ecumenical Temple.
  3404 | Temple   | Entered the Ecumenical Temple
  3832 | D:4      | Reached XP level 7. HP: 47/61 MP: 6/6
  4238 | D:5      | Entered Level 5 of the Dungeon
  4251 | D:5      | Reached skill level 5 in Long Blades
  4770 | D:5      | Noticed Menkaure
  4777 | D:5      | Killed Menkaure
  4778 | D:5      | Reached XP level 8. HP: 38/70 MP: 3/7
  5013 | D:6      | Found a sacrificial altar of Ru.
  5013 | D:6      | Found a stormy altar of Qazlal.
  5013 | D:6      | Found a hide-covered altar of Uskayaw.
  5014 | D:6      | Found a snail-covered altar of Cheibriados.
  5014 | D:6      | Found a basalt altar of Yredelemnul.
  5014 | D:6      | Found an ornate altar of the Wu Jian Council.
  5016 | D:6      | Found an iron altar of Okawaru.
  5016 | D:6      | Found a blossoming altar of Fedhas.
  5016 | D:6      | Found a sparkling altar of Nemelex Xobeh.
  5026 | D:6      | Became a worshipper of Warmaster Okawaru
  5451 | D:6      | HP: 2/71 [orc warrior/+0 trident (9)]
  5761 | D:6      | Found a transporter.
  5774 | D:6      | Noticed a cyan ugly thing
  5781 | D:6      | Found a transporter.
  5801 | D:6      | Found a one-way gate to the infinite horrors of the Abyss.
  5801 | D:6      | Noticed Brotato's ghost (novice SpCj)
  5923 | D:6      | Reached skill level 5 in Dodging
  7652 | D:7      | Reached * piety under Okawaru
  7838 | D:7      | Reached XP level 9. HP: 79/79 MP: 8/8
  7965 | D:8      | Noticed a boulder beetle
  7995 | D:8      | HP: 3/79 [boulder beetle (1)]
  7996 | D:8      | Slain by a boulder beetle

Illustrated notes

Levels and vault maps discovered:
D:1:      ebering_hopf_link, layout_loops_corners, nicolae_figureground_pulse
D:2:      layout_basic, uniq_robin, uniq_crazy_yiuf_cottage
D:3:      layout_loops_cross, uniq_grinder, uniq_natasha, uniq_jessica
D:4:      layout_layer_cave, minmay_temple_entry_junction_2,
          hellmonk_ghost_happy_afterlife
D:5:      layout_rooms, uniq_menkaure
D:6:      layout_basic, nicolae_overflows_in_rows,
          gammafunk_ghost_abyssal_escape
D:7:      layout_basic
D:8:      layout_basic, nicolae_ossuary_entry_monument, kb_rosetta
Temple:   hc_temple_tempest_star

Skill      XL: |  1  2  3  4  5  6  7  8 |
---------------+-------------------------+-----
Dodging        | 1 2 3 4 5 |  5.4
Armour         | 4 5 6 7 |  7.2
Fighting       | 4 5 6 7 |  7.2
Shields        | 4 5 6 7 |  7.2
Long Blades    | 3 4 5 6 |  6.7
Invocations    | |  0.1

Action                   |  1- 3 |  4- 6 |  7- 9 || total
-------------------------+-------+-------+-------++-------
Melee: Long sword        |    79 |    92 |   185 ||   356
       Headbutt          |     9 |    18 |    49 ||    76
  Use: Potion            |       |     2 |     7 ||     9
       Scroll            |       |     3 |     8 ||    11
Armor: Scale mail        |    32 |    50 |    28 ||   110
       Plate armour      |       |       |    67 ||    67
       Skin              |       |       |     8 ||     8
Dodge: Dodged            |    36 |    59 |    75 ||   170
Block: Buckler           |    11 |    31 |    66 ||   108
